TOP OF THE 1ST |
---|
New Orleans Looters batting - Pitching for Irvine Gang Green : RHP Dae-ho Kim | Pitching: RHP Dae-ho Kim | | Batting: SHB Arturo Sánchez | 0-0: Called Strike 0-1: Called Strike 0-2: Ball 1-2: Strikes out looking | Batting: LHB Miguel Colón | 0-0: Foul Ball, location: 2F 0-1: SINGLE (Groundball, 6MD) | Batting: LHB Jorge Martínez | 0-0: Foul Ball, location: 2F 0-1: Swinging Strike 0-2: Fly out, F9 (Flyball, 9) | Batting: LHB Tony Abete | 0-0: Ball 1-0: Foul Ball, location: 2F 1-1: Foul Ball, location: 2F 1-2: Ball 2-2: Ball Miguel Colón steals 2nd base 3-2: Foul Ball, location: 2F 3-2: Foul Ball, location: 2F 3-2: Foul Ball, location: 2F 3-2: Foul Ball, location: 2F 3-2: Foul Ball, location: 2F 3-2: Base on Balls | Batting: SHB Oliver Deleón | 0-0: Ball 1-0: Ball 2-0: Ball 3-0: Called Strike 3-1: Base on Balls Miguel Colón to third Tony Abete to second | Batting: LHB Eduardo Rodríguez | 0-0: Ball 1-0: GRAND SLAM HOME RUN (Flyball, 9D), Distance : 384 ft | Batting: LHB John Hudson | 0-0: SINGLE (Groundball, 34S) (infield hit) | Batting: SHB Derek Roach | 0-0: Ball 1-0: Called Strike 1-1: Foul Ball, location: 2F 1-2: Strikes out looking | Top of the 1st over - 4 runs, 3 hits, 0 errors, 1 left on base; New Orleans 4 - Irvine 0 | BOTTOM OF THE 1ST |
---|
Irvine Gang Green batting - Pitching for New Orleans Looters : RHP Étienne Garcia | Pitching: RHP Étienne Garcia | | Batting: LHB David Adams | 0-0: Ball 1-0: Ground out 3-1 (Groundball, 34) | Batting: LHB José Sánchez | 0-0: Ball 1-0: Foul Ball, location: 2F 1-1: Ball 2-1: SINGLE (Groundball, 34D) | Batting: RHB Buck Jones | 0-0: Swinging Strike Balk! José Sánchez to second 0-1: Called Strike 0-2: Ball 1-2: Fly out, F8 (Line Drive, 8LS) | Batting: LHB Leonardo Medina | 0-0: Ground out 6-3 (Groundball, 6) | Bottom of the 1st over - 0 runs, 1 hit, 0 errors, 1 left on base; New Orleans 4 - Irvine 0 | TOP OF THE 2ND |
---|
New Orleans Looters batting - Pitching for Irvine Gang Green : RHP Dae-ho Kim | Batting: RHB Salvador Salas | 0-0: Called Strike 0-1: Ball 1-1: Ball 2-1: Swinging Strike 2-2: Strikes out swinging | Batting: SHB Arturo Sánchez | 0-0: Ball 1-0: SINGLE (Groundball, 3S) (infield hit) | Batting: LHB Miguel Colón | 0-0: Called Strike 0-1: Ball 1-1: Swinging Strike 1-2: Grounds into double play, 6-4-3 (Groundball, 6M) | Top of the 2nd over - 0 runs, 1 hit, 0 errors, 0 left on base; New Orleans 4 - Irvine 0 | BOTTOM OF THE 2ND |
---|
Irvine Gang Green batting - Pitching for New Orleans Looters : RHP Étienne Garcia | Batting: LHB Frank Geddes | 0-0: Swinging Strike 0-1: Foul Ball, location: 2F 0-2: Ball 1-2: Ball 2-2: Ball 3-2: Foul Ball, location: 2F 3-2: Base on Balls | Batting: LHB Tom Baker | 0-0: Called Strike 0-1: Ball 1-1: Swinging Strike 1-2: Foul Ball, location: 2F 1-2: Strikes out swinging | Batting: RHB Tom Doherty | 0-0: SINGLE (Line Drive, 89S) Frank Geddes to second Frank Geddes to third | Batting: LHB António Camacho | 0-0: Ball 1-0: Called Strike 1-1: Ground out 6-3 (Groundball, 6S) Frank Geddes scores Tom Doherty to second | Batting: RHB Don Hooper | 0-0: Ball 1-0: Foul Ball, location: 2F 1-1: Ball 2-1: Ground out 4-3 (Groundball, 4MD) | Bottom of the 2nd over - 1 run, 1 hit, 0 errors, 1 left on base; New Orleans 4 - Irvine 1 | TOP OF THE 3RD |
---|
New Orleans Looters batting - Pitching for Irvine Gang Green : RHP Dae-ho Kim | Batting: LHB Jorge Martínez | 0-0: Ball 1-0: Ball 2-0: Ball 3-0: Base on Balls | Batting: LHB Tony Abete | 0-0: Ball 1-0: Called Strike 1-1: Fly out, F5 (Popup, 25F) | Pitching: RHP Carl Willis | | Batting: SHB Oliver Deleón | 0-0: Ball 1-0: Ball 2-0: Ball 3-0: Called Strike 3-1: Called Strike 3-2: Foul Ball, location: 2F 3-2: Foul Ball, location: 2F 3-2: SINGLE (Groundball, 5D) Jorge Martínez to second | Batting: LHB Eduardo Rodríguez | 0-0: Ball 1-0: SINGLE (Groundball, 4MD) Jorge Martínez to third Oliver Deleón to second Runner from 3rd tries for Home, throw and OUT! Oliver Deleón to third Eduardo Rodríguez to second | Batting: LHB John Hudson | 0-0: Fly out, F9 (Flyball, 89S) | Top of the 3rd over - 0 runs, 2 hits, 0 errors, 2 left on base; New Orleans 4 - Irvine 1 | BOTTOM OF THE 3RD |
---|
Irvine Gang Green batting - Pitching for New Orleans Looters : RHP Étienne Garcia | Batting: LHB David Adams | 0-0: Called Strike 0-1: Called Strike 0-2: Ball 1-2: Ball 2-2: Fly out, F9 (Flyball, 9LS) | Batting: LHB José Sánchez | 0-0: Ball 1-0: Foul Ball, location: 2F 1-1: Ball 2-1: Foul Ball, location: 2F 2-2: Foul Ball, location: 2F 2-2: Ball 3-2: Fly out, F8 (Line Drive, 8RD) | Batting: RHB Buck Jones | 0-0: Called Strike 0-1: Ball 1-1: SINGLE (Groundball, 4MD) | Batting: LHB Leonardo Medina | 0-0: SINGLE (Line Drive, 9S) Buck Jones to second | Batting: LHB Frank Geddes | 0-0: Foul Ball, location: 2F 0-1: Called Strike 0-2: Foul Ball, location: 2F 0-2: Ball 1-2: Ball 2-2: Strikes out swinging | Bottom of the 3rd over - 0 runs, 2 hits, 0 errors, 2 left on base; New Orleans 4 - Irvine 1 | TOP OF THE 4TH |
---|
New Orleans Looters batting - Pitching for Irvine Gang Green : RHP Carl Willis | Batting: SHB Derek Roach | 0-0: Called Strike 0-1: Called Strike 0-2: Ground out 4-3 (Groundball, 4) | Batting: RHB Salvador Salas | 0-0: Called Strike 0-1: Foul Ball, location: 2F 0-2: Ball 1-2: Strikes out swinging | Batting: SHB Arturo Sánchez | 0-0: Fly out, F9 (Flyball, 9D) | Top of the 4th over - 0 runs, 0 hits, 0 errors, 0 left on base; New Orleans 4 - Irvine 1 | BOTTOM OF THE 4TH |
---|
Irvine Gang Green batting - Pitching for New Orleans Looters : RHP Étienne Garcia | Batting: LHB Tom Baker | 0-0: Ball 1-0: Ground out 5-3 (Groundball, 56) | Batting: RHB Tom Doherty | 0-0: Called Strike 0-1: Ball 1-1: Ball 2-1: Ball 3-1: SINGLE (Groundball, 56D) | Batting: LHB António Camacho | 0-0: Called Strike 0-1: Swinging Strike 0-2: Strikes out swinging | Batting: RHB Don Hooper | 0-0: Ball 1-0: Fielders Choice at 2nd, 5-4 (Groundball, 56) | Bottom of the 4th over - 0 runs, 1 hit, 0 errors, 1 left on base; New Orleans 4 - Irvine 1 | TOP OF THE 5TH |
---|
New Orleans Looters batting - Pitching for Irvine Gang Green : RHP Carl Willis | Batting: LHB Miguel Colón | 0-0: Ball 1-0: SINGLE (Flyball, 56D) | Batting: LHB Jorge Martínez | 0-0: Ball 1-0: Foul Ball, location: 2F 1-1: Swinging Strike 1-2: Foul Ball, location: 2F 1-2: Foul Ball, location: 2F 1-2: Ball 2-2: Ball 3-2: Fly out, F8 (Line Drive, 8RS) | Batting: LHB Tony Abete | 0-0: Swinging Strike 0-1: Foul Ball, location: 2F 0-2: Foul Ball, location: 2F 0-2: Foul Ball, location: 2F 0-2: Foul Ball, location: 2F 0-2: Strikes out swinging Miguel Colón steals 2nd base Batter strikes out. | Batting: SHB Oliver Deleón | 0-0: Ball 1-0: Ball 2-0: Called Strike 2-1: Ball 3-1: Base on Balls | Batting: LHB Eduardo Rodríguez | 0-0: Swinging Strike 0-1: Ground out 4-3 (Groundball, 4) | Top of the 5th over - 0 runs, 1 hit, 0 errors, 2 left on base; New Orleans 4 - Irvine 1 | BOTTOM OF THE 5TH |
---|
Irvine Gang Green batting - Pitching for New Orleans Looters : RHP Étienne Garcia | Pitching: RHP Okura Oike | | Batting: LHB David Adams | 0-0: Ball 1-0: Ball 2-0: Called Strike 2-1: Ground out U3 (Groundball, 34) | Batting: LHB José Sánchez | 0-0: Ball 1-0: Swinging Strike 1-1: Swinging Strike 1-2: Ball 2-2: Foul Ball, location: 2F 2-2: Ball 3-2: Ground out 1-3 (Groundball, 13) | Batting: RHB Buck Jones | 0-0: Ball 1-0: Ball 2-0: Foul Ball, location: 2F 2-1: Foul Ball, location: 2F 2-2: Ground out 6-3 (Groundball, 6) | Bottom of the 5th over - 0 runs, 0 hits, 0 errors, 0 left on base; New Orleans 4 - Irvine 1 | TOP OF THE 6TH |
---|
New Orleans Looters batting - Pitching for Irvine Gang Green : RHP Carl Willis | Batting: LHB John Hudson | 0-0: Ball 1-0: Called Strike 1-1: Ball 2-1: Called Strike 2-2: Foul Ball, location: 2F 2-2: Foul Ball, location: 2F 2-2: Fly out, F9 (Line Drive, 9LM) | Batting: SHB Derek Roach | 0-0: Foul Ball, location: 2F 0-1: Ball 1-1: Ball 2-1: Ball 3-1: Called Strike 3-2: DOUBLE (Line Drive, 9LM) | Batting: RHB Salvador Salas | 0-0: Called Strike 0-1: Ball 1-1: Foul Ball, location: 2F 1-2: Ball 2-2: Strikes out swinging | Pinch Hitting: LHB Taylor Smith | 0-0: Called Strike 0-1: Swinging Strike 0-2: Ball 1-2: Strikes out swinging | Top of the 6th over - 0 runs, 1 hit, 0 errors, 1 left on base; New Orleans 4 - Irvine 1 | BOTTOM OF THE 6TH |
---|
Irvine Gang Green batting - Pitching for New Orleans Looters : RHP Okura Oike | Now at 3B: Justin Harris | | Batting: LHB Leonardo Medina | 0-0: Ball 1-0: DOUBLE (Line Drive, 8RXD) | Batting: LHB Frank Geddes | 0-0: Called Strike 0-1: Ball 1-1: Ball 2-1: SINGLE (Groundball, 4M) (infield hit) Leonardo Medina to third | Batting: LHB Tom Baker | 0-0: Foul Ball, location: 2F 0-1: Ball 1-1: Foul Ball, location: 2F 1-2: DOUBLE (Flyball, 7LD) Leonardo Medina scores Frank Geddes to third | Batting: RHB Tom Doherty | 0-0: Ball 1-0: Ball 2-0: Fly out, F9 (Flyball, 9LMF) Runner from 3rd tags up, SCORES, no throw | Pitching: RHP Juan Flores | | Batting: LHB António Camacho | 0-0: Called Strike 0-1: Called Strike 0-2: Strikes out swinging | Batting: RHB Don Hooper | 0-0: Ball 1-0: Foul Ball, location: 2F 1-1: Swinging Strike 1-2: Strikes out swinging | Bottom of the 6th over - 2 runs, 3 hits, 0 errors, 1 left on base; New Orleans 4 - Irvine 3 | TOP OF THE 7TH |
---|
New Orleans Looters batting - Pitching for Irvine Gang Green : RHP Carl Willis | Pitching: LHP Yu-shu Kong | | Pinch Hitting: RHB Santo Cruz | 0-0: Ground out 5-3 (Groundball, 56S) | Pinch Hitting: RHB Rubén Vázquez | 0-0: Foul Ball, location: 2F 0-1: Called Strike 0-2: Strikes out looking | Pinch Hitting: RHB Bartolo López | 0-0: Called Strike 0-1: Ball 1-1: Fly out, F4 (Line Drive, 4) | Top of the 7th over - 0 runs, 0 hits, 0 errors, 0 left on base; New Orleans 4 - Irvine 3 | BOTTOM OF THE 7TH |
---|
Irvine Gang Green batting - Pitching for New Orleans Looters : RHP Juan Flores | Pitching: LHP Tadao Yoshida | | Now at 2B: Santo Cruz | | Now in LF: Jeff Townsley | | Now in CF: Rubén Vázquez | | Pinch Hitting: RHB José Salazar | 0-0: Called Strike 0-1: Called Strike 0-2: Ground out 5-3 (Groundball, 56) | Pinch Hitting: LHB Víctor Quiñones | 0-0: Ground out 6-3 (Groundball, 6) | Pitching: LHP Juan Méndez | | Batting: RHB Buck Jones | 0-0: Called Strike 0-1: Called Strike 0-2: Ground out 6-3 (Groundball, 6) | Bottom of the 7th over - 0 runs, 0 hits, 0 errors, 0 left on base; New Orleans 4 - Irvine 3 | TOP OF THE 8TH |
---|
New Orleans Looters batting - Pitching for Irvine Gang Green : LHP Yu-shu Kong | Pitching: RHP Aaron Green | | Now at 2B: Ronnie Brown | | Now at 3B: José Salazar | | Batting: SHB Oliver Deleón | 0-0: Called Strike 0-1: Ball 1-1: Ground out 6-3 (Groundball, 6S) | Batting: RHB Wyatt McKinnon | 0-0: Called Strike 0-1: Ball 1-1: Ball 2-1: Swinging Strike 2-2: Strikes out looking | Pinch Hitting: LHB António Salazar | 0-0: Ground out 3-1 (Groundball, 34) | Top of the 8th over - 0 runs, 0 hits, 0 errors, 0 left on base; New Orleans 4 - Irvine 3 | BOTTOM OF THE 8TH |
---|
Irvine Gang Green batting - Pitching for New Orleans Looters : LHP Juan Méndez | Now in RF: António Salazar | | Batting: RHB Tyler Wagner | 0-0: Called Strike 0-1: Called Strike 0-2: Strikes out swinging | Pinch Hitting: RHB David Hernández | 0-0: Ball 1-0: Fly out, F7 (Line Drive, 7) | Pinch Hitting: SHB Carlos Córdova | 0-0: Called Strike 0-1: Fly out, F9 (Flyball, 9LSF) | Bottom of the 8th over - 0 runs, 0 hits, 0 errors, 0 left on base; New Orleans 4 - Irvine 3 | TOP OF THE 9TH |
---|
New Orleans Looters batting - Pitching for Irvine Gang Green : RHP Aaron Green | Pitching: RHP Takehide Ono | | Now at 2B: David Hernández | | Now in CF: Tony Tavárez | | Pinch Hitting: RHB Tim Gardner | 0-0: Swinging Strike 0-1: Swinging Strike 0-2: Ball 1-2: Ball 2-2: Ball 3-2: Base on Balls | Batting: RHB Salvador Salas | 0-0: Bunt missed! 0-1: Bunted foul 0-2: Ball Wild Pitch! Tim Gardner to second 1-2: Ball 2-2: Ball 3-2: Intentional Walk | Batting: RHB Justin Harris | 0-0: Bunted foul 0-1: Ball 1-1: Bunted foul 1-2: Ball 2-2: Ball 3-2: Strikes out looking | Pitching: LHP Jon Vaughn | | Batting: RHB Santo Cruz | 0-0: Foul Ball, location: 2F 0-1: Foul Ball, location: 2F 0-2: Ball 1-2: Ball 2-2: Fly out, F5 (Line Drive, 5) | Batting: RHB Rubén Vázquez | 0-0: Ball 1-0: Called Strike 1-1: Foul Ball, location: 2F 1-2: Fielders Choice at 2nd, 5-4 (Groundball, 56) | Top of the 9th over - 0 runs, 0 hits, 0 errors, 2 left on base; New Orleans 4 - Irvine 3 | BOTTOM OF THE 9TH |
---|
Irvine Gang Green batting - Pitching for New Orleans Looters : LHP Juan Méndez | Now at C: Kolomon Meise | | Pinch Hitting: RHB Yasuhiko Sumita | 0-0: SINGLE (Groundball, 34D) | Pinch Runner at 1st Juan Carlos: | | Pinch Hitting: RHB Bonifacio Torres | 0-0: Ball 1-0: Foul Ball, location: 2F 1-1: SINGLE (Flyball, 8RS) Juan Carlos to second | Batting: RHB Don Hooper | 0-0: Grounds into double play, 6-4-3 (Groundball, 6) Juan Carlos to third | Batting: RHB José Salazar | 0-0: Ball 1-0: Ball 2-0: Called Strike 2-1: Swinging Strike 2-2: Ball 3-2: Base on Balls | Batting: RHB Ronnie Brown | 0-0: Called Strike 0-1: Ball 1-1: Fielders Choice at 2nd, 5-4 (Groundball, 5L) | Bottom of the 9th over - 0 runs, 2 hits, 0 errors, 2 left on base; New Orleans 4 - Irvine 3 | |